 Dungeon Crawl Stone Soup version 0.28-a0-10-g964c8b829e (webtiles) character file.

Game seed: 2635140413809478701

871 Spaninq the Frost Mage (level 8, -1/54 HPs)
             Began as a Barachi Ice Elementalist on July 25, 2021.
             Slain by an ice beast (4 damage)
             ... on level 6 of the Dungeon.
             The game lasted 00:19:07 (7216 turns).

Spaninq the Frost Mage (Barachi Ice Elementalist)   Turns: 7216, Time: 00:19:08

Health: -1/54      AC:  3    Str: 10    XL:     8   Next: 3%
Magic:  13/15      EV: 12    Int: 23    God:
Gold:   235        SH:  0    Dex: 13    Spells: 7/17 levels left

rFire   . . .      SeeInvis .   k - +3 short sword
rCold   . . .      Faith    .   (no shield)
rNeg    . . .      Spirit   .   a - +0 robe
rPois   .          Reflect  .   (no helmet)
rElec   .          Harm     .   (no cloak)
rCorr   .          Rampage  .   c - +0 pair of gloves
Will    .....                   (no boots)
Stlth   ++........              (no amulet)
HPRegen 0.18/turn               A - +6 ring of intelligence
MPRegen 0.14/turn               (no ring)

@: about to teleport, unable to hop, slow
A: amphibious, slowness 1, strong legs 1, +LOS
a: Hop


You were on level 6 of the Dungeon.
You visited 1 branch of the dungeon, and saw 6 of its levels.

You collected 235 gold pieces.

Inventory:

Hand Weapons
 k - a +3 short sword (weapon)
 y - a +0 long sword
Missiles
 w - 4 boomerangs of dispersal
Armour
 a - a +0 robe (worn)
 c - a +0 pair of gloves (worn)
 z - a +0 buckler
Jewellery
 j - a ring of wizardry
 A - a +6 ring of intelligence (left hand)
Wands
 n - a wand of iceblast (13)
 s - a wand of charming (4)
Scrolls
 e - a scroll of amnesia
 i - 2 scrolls of identify {unknown}
 l - a scroll of blinking {unknown}
 p - 2 scrolls of magic mapping {unknown}
 q - a scroll of vulnerability {unknown}
 r - a scroll of fear {unknown}
 x - 3 scrolls of immolation {unknown}
Potions
 b - 3 potions of curing {unknown}
 d - a potion of flight {unknown}
 f - 2 potions of heal wounds {unknown}
 h - a potion of berserk rage {unknown}
 m - a potion of resistance {unknown}
 o - a potion of invisibility {unknown}
 t - a potion of might {unknown}
 u - a potion of haste {unknown}
 v - 2 potions of lignification {unknown}


   Skills:
 + Level 1.0 Fighting
 * Level 1.6 Long Blades
 - Level 2.1 Dodging
 - Level 1.7 Stealth
 - Level 5.3 Spellcasting
 + Level 9.7 Ice Magic


You had 7 spell levels left.
You knew the following spells:

 Your Spells              Type           Power      Damage    Failure   Level
a - Freeze                Ice            100%       1d11      1%          1
b - Frozen Ramparts       Ice            100%       1d12      1%          3
c - Ozocubu's Armour      Ice            50%        N/A       1%          3
d - Ensorcelled Hibernat  Hex/Ice        56%        N/A       1%          2
e - Apportation           Tloc           12%        N/A       10%         1

Your spell library contained the following spells:

 Spells                   Type           Power      Damage    Failure   Level
 Animate Skeleton         Necr           12%        N/A       10%         1
 Corona                   Hex            6%         N/A       10%         1
 Summon Small Mammal      Summ           24%        N/A       10%         1
 Hailstorm                Conj/Ice       28%        3d8       12%         4
 Call Canine Familiar     Summ           6%         N/A       28%         3
 Summon Guardian Golem    Hex/Summ       6%         N/A       28%         3
 Tukima's Dance           Hex            6%         N/A       28%         3
 Animate Dead             Necr           3%         N/A       67%         4
 Alistair's Intoxication  Tmut/Pois      4%         N/A       95%         5
 Invisibility             Hex            3%         N/A       100%        6
 Haunt                    Necr/Summ      3%         N/A       100%        7
 Infestation              Necr           3%         N/A       100%        8


Dungeon Overview and Level Annotations

Branches:
Dungeon (6/15)
 Temple: D:4-7

Altars:
Nemelex Xobeh
Ru
Xom
Zin

Shops:
D:2 =


Innate Abilities, Weirdness & Mutations

You are amphibious.
You cover ground slowly.
You can hop short distances.
You have an extended range of vision and can be seen from far away.


Message History

Casting: Ozocubu's Armour (safe; 1% risk of failure)
Confirm with . or Enter, or press ? or * to list all spells.
A film of ice covers your body!
The ice beast hits you but does no damage.
You hit the ice beast.
The ice beast is lightly wounded.
The ice beast closely misses you.
You hit the ice beast.
The ice beast is moderately wounded.
The ice beast barely misses you.
You hit the ice beast.
The ice beast is moderately wounded.
The ice beast completely misses you.
You barely miss the ice beast.
The ice beast is moderately wounded.
The ice beast hits you. The ice beast freezes you!
You closely miss the ice beast.
The ice beast is moderately wounded.
The ice beast hits you. The ice beast freezes you.
You barely miss the ice beast.
The ice beast is moderately wounded.
The ice beast hits you. The ice beast freezes you.
Your icy armour will break if you move.
Continue?
Hop to where?
Press: ? - help, Dir - move target Your icy armour will break if you move.
Continue?
Your icy armour cracks and falls away as you move.
Boing!
As you read the scroll labelled TORASTR OJIWO, it crumbles to dust.
It is a scroll of amnesia.
Really abort (and waste the scroll)?
Okay, then.
The ice beast hits you.
* * * LOW HITPOINT WARNING * * *
The ice beast freezes you!
* * * LOW HITPOINT WARNING * * *
As you read the scroll labelled YRUACY JAFI, it crumbles to dust.
You feel strangely unstable.
It was a scroll of teleportation.
The ice beast hits you.
You die...

#.....# ..... #.....# ......
#..<..###### ...... #..........#
##...... #..........# .......
#####..........# .....#'#
#...#..........# ........o
#...#.........####≈≈......
#...#.....@..).....≈......
#...#.....#Y..####≈≈......
#######...##....#....#.......####
..........###...#○<..!...........
..<......##.##..#................
........##.#.##.#...##......Y..(.
#...[..##.#.#.###...##.....###...
##'#####.#.#.#.##...##.....###...
#<...##.#.###.#.##...#...........


You could see an ice beast.

Vanquished Creatures
  An ogre (D:6)
  A centaur (D:6)
  A kobold brigand (D:6)
  A scorpion (D:4)
  A bullfrog (D:6)
  2 howler monkeys
  A jelly (D:4)
  An orc priest (D:4)
  A gnoll shaman (D:5)
  A bullfrog skeleton (D:6)
  2 iguanas
  2 hound skeletons (D:4)
  8 gnolls (D:5)
  3 adders
  A white imp (D:5)
  An ufetubus (D:6)
  5 worms
  2 dart slugs
  15 orcs
  3 ball pythons
  4 bats
  An endoplasm (D:2)
  5 giant cockroaches
  10 goblins
  8 hobgoblins
  8 jackals
  2 quokkas
  5 frilled lizards
  14 kobolds
  7 rats
117 creatures vanquished.

Vanquished Creatures (others)
  A bush (D:6)
1 creature vanquished.

Grand Total: 118 creatures vanquished

Notes
Turn   | Place    | Note
-------+----------+-------------------------------------------
     0 | D:1      | Spaninq the Barachi Ice Elementalist began the quest for
                  | the Orb.
     0 | D:1      | Reached XP level 1. HP: 13/13 MP: 3/3
   150 | D:1      | Reached skill level 5 in Ice Magic
   236 | D:1      | Found a faded altar of an unknown god.
   270 | D:1      | Got Plato's Disquisition on Darkness
   313 | D:1      | Reached XP level 2. HP: 19/19 MP: 3/5
  1170 | D:2      | Found Sibroezaes's Jewellery Shoppe.
  1271 | D:2      | Reached XP level 3. HP: 24/24 MP: 5/7
  1275 | D:2      | Learned a level 3 spell: Frozen Ramparts
  1279 | D:2      | Learned a level 3 spell: Ozocubu's Armour
  1925 | D:2      | Reached skill level 6 in Ice Magic
  2247 | D:2      | Reached XP level 4. HP: 27/30 MP: 1/8
  2802 | D:3      | Found a glowing silver altar of Zin.
  2847 | D:3      | Found a sacrificial altar of Ru.
  3440 | D:4      | Found a shimmering altar of Xom.
  3440 | D:4      | Found a shimmering altar of Xom.
  3693 | D:4      | Reached XP level 5. HP: 33/35 MP: 1/10
  3850 | D:4      | Found a shimmering altar of Xom.
  3851 | D:4      | Found a shimmering altar of Xom.
  3949 | D:4      | Reached skill level 7 in Ice Magic
  4079 | D:4      | Reached XP level 6. HP: 38/41 MP: 8/12
  4228 | D:5      | Entered Level 5 of the Dungeon
  4232 | D:5      | Learned a level 2 spell: Ensorcelled Hibernation
  4668 | D:5      | Found a sparkling altar of Nemelex Xobeh.
  5117 | D:5      | Reached skill level 8 in Ice Magic
  5657 | D:5      | Reached XP level 7. HP: 43/46 MP: 9/13
  5902 | D:6      | Reached skill level 9 in Ice Magic
  6101 | D:6      | Reached skill level 5 in Spellcasting
  6996 | D:6      | Reached skill level 1 in Fighting
  6996 | D:6      | Reached skill level 1 in Long Blades
  6996 | D:6      | Reached XP level 8. HP: 22/54 MP: 8/15
  7025 | D:6      | Learned a level 1 spell: Apportation
  7216 | D:6      | Slain by an ice beast

Illustrated notes

Levels and vault maps discovered:
D:1:      dpeg_arrival_boxorama, layout_basic,
          shapermc_ecumenical_altar_rom_forum
D:2:      layout_basic, serial_shops, shop, guppyfry_early_orc_mine
D:3:      layout_rooms, zin_academy, old_standard_altar, st_stairs_3
D:4:      cheibrodos_quashed, layout_basic, xom_redecorated,
          serial_bayou_crossing
D:5:      layout_loops_ring, nemelex_xobeh_ov_fountains_minmay,
          corexii_item_surrounded_by_moat
D:6:      minmay_inner_zag, layout_gridville, okawaru_trees_2,
          kb_lookout_dungeons_type

Skill      XL: |  1  2  3  4  5  6  7 |
---------------+----------------------+-----
Ice Magic      | 5 6 7 8 9 |  9.7
Spellcasting   | 3 4 5 |  5.3
Fighting       | 1 |  1.0
Long Blades    | 1 |  1.6
Dodging        | |  2.1
Stealth        | |  1.7

Action                   |  1- 3 |  4- 6 |  7- 9 || total
-------------------------+-------+-------+-------++-------
Melee: Unarmed           |     1 |       |       ||     1
       Short sword       |       |    48 |    58 ||   106
 Cast: Freeze            |    75 |    40 |     1 ||   116
       Frozen Ramparts   |       |    15 |    13 ||    28
       Ozocubu's Armour  |       |     7 |     7 ||    14
       Ensorcelled Hiber |       |     4 |       ||     4
 Abil: Hop               |     1 |     1 |     1 ||     3
  Use: Scroll            |       |       |     2 ||     2
 Stab: Sleeping          |       |     2 |       ||     2
Armor: Robe              |     8 |    21 |    18 ||    47
Dodge: Dodged            |    39 |    62 |    65 ||   166

Table legend: (Time is in decaauts)
 A = Elapsed time spent in this place.
 B = Non-inter-level travel time spent in this place.
 C = Inter-level travel time spent in this place.
 D = Time resting spent in this place.
 E = Time spent auto-exploring this place.
 F = Levels seen in this place.
 G = Mean time per level.
                   A        B        C        D        E       F      G
               +--------+--------+--------+--------+--------+-----+--------+
         Total |   8047 |   7322 |    725 |   1792 |   4244 |   6 | 1341.2 |
       Dungeon |   8047 |   7322 |    725 |   1792 |   4244 |   6 | 1341.2 |
               +--------+--------+--------+--------+--------+-----+--------+

Top non-repeatable levels by time:
     D:5: 1767 daAuts
     D:2: 1613 daAuts
     D:1: 1309 daAuts
     D:6: 1294 daAuts
     D:4: 1172 daAuts
     D:3: 890 daAuts
